 Dungeon Crawl Stone Soup version 0.31.0-32-g396128a36d (webtiles) character file.

Game seed: 7240363240986729671

3136 James the Covert (level 9, -15/76 HPs)
             Began as a Felid Berserker on Apr 20, 2024.
             Was an Elder of Trog.
             Demolished by an orc warrior
             ... wielding a +0 battleaxe
              (20 damage)
             ... on level 6 of the Dungeon.
             The game lasted 00:23:26 (7309 turns).

James the Covert (Felid Berserker)                  Turns: 7309, Time: 00:23:26

Health: -15/76     AC:  2    Str: 21    XL:     9   Next: 61%
Magic:  10/10      EV: 22    Int: 12    God:    Trog [****..]
Gold:   394        SH:  0    Dex: 17    Spells: 8/8 levels left
                                        Lives:  0   Deaths: 3

rFire   . .          .
                       - Unarmed
rCold   . . .        (shield unavailable)
rNeg    . . .        (body armour unavailable)
rPois   .            (helmet unavailable)
rElec   .            (cloak unavailable)
rCorr   .            (gloves unavailable)
SInv    +            (boots unavailable)
Will    +....        (no amulet) Stlth
                     b - +6 ring of strength
HPRegen 0.32/turn    q - ring of flight
MPRegen 0.12/turn

%: no passive effects
@: berserking, flying, very quick
A: very small, claws 1, fangs 3, see invisible, shaggy fur 2, stealthy paws, no
weapons or thrown items, no armour, multi-lived
a: Renounce Religion, Berserk, Trog's Hand, Brothers in Arms


You were on level 6 of the Dungeon.
You worshipped Trog.
Trog was greatly pleased with you.
You visited 2 branches of the dungeon, and saw 9 of its levels.

You collected 394 gold pieces.

Inventory:

Missiles
 n - 2 throwing nets {!f}
Jewellery
 b - a +6 ring of strength (left paw)
   (You found it on level 1 of the Dungeon)
 l - a ring of magical power
   (You found it on level 3 of the Dungeon)
 o - an amulet of faith {!P}
   (You found it on level 7 of the Dungeon)
 q - a ring of flight (right paw)
   (You found it on level 6 of the Dungeon)
Talismans
 i - a serpent talisman
   (You found it on level 2 of the Dungeon)
 k - a flux talisman
   (You found it on level 2 of the Dungeon)
 s - a maw talisman
   (You found it on level 5 of the Dungeon)
Wands
 t - a wand of flame (45)
   (You found it on level 2 of the Dungeon)
 u - a wand of polymorph (11)
   (You found it on level 5 of the Dungeon)
Scrolls
 c - a scroll of immolation {!r}
 d - 2 scrolls of teleportation {@r4}
 g - a scroll of fog
 h - a scroll of vulnerability {!r}
 r - a scroll of fear
 v - 2 scrolls of enchant armour
Potions
 a - 3 potions of attraction {!q}
 e - 5 potions of berserk rage
 f - a potion of might
 j - 5 potions of mutation {!q}
 m - a potion of magic
 p - a potion of curing {@q1}
 x - a potion of brilliance


   Skills:
 - Level 8.0 Fighting
 - Level 8.0 Dodging
 - Level 9.0 Stealth
 + Level 8.4 Unarmed Combat


You had 8 spell levels left.
You didn't know any spells.
Your spell library was empty.

Dungeon Overview and Level Annotations

Branches:
Dungeon (8/15)             Temple (1/1) D:5
   Lair: D:8-11

Altars:
Ashenzari
Cheibriados
Elyvilon
Fedhas
Gozag
Hepliaklqana
Kikubaaqudgha
Makhleb
Nemelex Xobeh
Okawaru
Qazlal
Ru
Sif Muna
Trog
Uskayaw
Vehumet
Wu Jian
Xom
Zin
The Shining One

Shops:
D:4 =   D:5 *   D:7 [

Annotations:
D:4 1 runed translucent door, kalagan's ghost, amateur DECj
D:8 Erica


Innate Abilities, Weirdness & Mutations

You have sharp claws.
You have razor-sharp teeth.
You have supernaturally acute eyesight. (SInv)
You are covered in thick fur. (AC +2)
Your paws help you pounce on unaware monsters.
You are incapable of wielding weapons or throwing items.
You cannot wear armour.
You gain extra lives every three experience levels.


Message History

You rejoin the land of the living...
You start waiting.
Done waiting.
Found Hysh's Antique Armour Boutique.
Found an escape hatch in the ceiling.
Found a scroll of identify.
Found a stone staircase leading down.
There is an entrance to Hysh's Antique Armour Boutique here.
Unknown command.
w - a scroll of identify {@r1}
There is an escape hatch in the ceiling here.
There is an escape hatch in the ceiling here.
As you read the scroll of identify {@r1}, it crumbles to dust.
f - a potion of might A mysterious force pulls you upwards.
The hatch slams shut behind you.
There is an escape hatch in the floor here.
There is a stone staircase leading down here.
You fly downwards.
The orc shouts!
The orc warrior shouts!
The orc shouts!
The orc priest shouts!
The orc warrior barely misses you. The orc hits you with a +0 hand axe.
Found a Young Poisoner's Handbook.
There is a stone staircase leading up here.
The orc warrior closely misses you. The orc priest completely misses you.
The orc completely misses you.
You fly upwards.
There is a stone staircase leading down here.
The orc warrior misses you.
You closely miss the orc warrior.
The orc priest invokes the aid of Beogh against you.
Beogh smites you! The orc completely misses you.
The orc warrior hits you with a +0 battleaxe!
You scratch the orc but do no damage. Your claw misses the orc.
The orc completely misses you. The orc warrior closely misses you.
You barely miss the orc. Your claw misses the orc.
The orc priest mumbles some strange prayers to Beogh against you.
Beogh smites you!
* * * LOW HITPOINT WARNING * * *
The orc closely misses you.
The orc warrior hits you with a +0 battleaxe!
* * * LOW HITPOINT WARNING * * *
A red film seems to cover your vision as you go berserk!
You feel yourself moving faster!
You feel mighty!
The orc priest calls down the wrath of Beogh upon you.
You resist with some effort. The orc misses you.
The orc warrior barely misses you.
You scratch the orc warrior but do no damage.
You mangle the orc warrior!! Your bite misses the orc warrior.
The orc priest misses you. The orc hits you with a +0 hand axe.
* * * LOW HITPOINT WARNING * * *
The orc warrior hits you with a +0 battleaxe!!
You die...

..............#...........#......
##..##....:.####..........#......
##...#......# ##................
#...........# ##..#............
#...........######.>###..........
###.........##.....## ##.........
#....#..####....## #..........
######### ##oo#######.........
#.@###.###...#.....
##o.#...###..##....
##...#.....#...###.#
#..............# ###
#......#......## ####.#####..###
### ####


You could see an orc warrior, an orc priest and an orc.

Vanquished Creatures
  Sigmund (D:6)
  A shadow (D:7)
  A steam dragon (D:7)
  2 water moccasins
  2 orc warriors (D:7)
  2 ice beasts (D:7)
  3 black bears
  An ogre (D:6)
  2 centaurs
  2 kobold brigands (D:7)
  2 bullfrogs
  A gnoll sergeant (D:6)
  A scorpion (D:7)
  4 wights
  4 hounds
  A human zombie (D:8)
  4 orc priests
  2 jellies (D:6)
  2 gnoll boudas
  5 iguanas
  4 orc wizards
  3 sleepcaps
  8 adders
  13 gnolls
  3 shadow imps
  A white imp (D:7)
  2 ufetubi (D:5)
  A dart slug (D:1)
  2 ribbon worms (D:2)
  21 orcs
  3 bats
  6 endoplasms
  3 giant cockroaches
  9 goblins
  6 hobgoblins
  5 jackals
  10 kobolds
  3 quokkas
  6 ball pythons
  A frilled lizard (D:2)
  3 rats
156 creatures vanquished.

Notes
Turn   | Place    | Note
-------+----------+-------------------------------------------
     0 | D:1      | James the Felid Berserker began the quest for the Orb.
     0 | D:1      | Reached XP level 1. HP: 12/12 MP: 2/2
   217 | D:1      | Reached XP level 2. HP: 16/16 MP: 3/3
  1000 | D:2      | Reached XP level 3. HP: 15/20 MP: 4/4
  1043 | D:2      | Reached ** piety under Trog
  1568 | D:2      | Reached XP level 4. HP: 24/24 MP: 5/5
  1568 | D:2      | Gained a life (2 lives remaining)
  1872 | D:3      | Reached skill level 5 in Unarmed Combat
  2846 | D:4      | Noticed a black bear
  2916 | D:3      | Reached XP level 5. HP: 13/28 MP: 6/6
  2998 | D:3      | Killed a black bear
  3003 | D:3      | HP: 2/43 [gnoll/+0 club[a gnoll bouda] (2)]
  3005 | D:3      | Slain by a gnoll
  3005 | D:3      | Lost a life (1 life remaining)
  3033 | D:3      | Gained mutation: You are covered in thick fur. (AC +2)
                  | [Felid growth]
  3033 | D:3      | Reached XP level 6. HP: 33/33 MP: 7/7
  3061 | D:4      | Found a runed translucent door.
  3111 | D:4      | Reached skill level 5 in Fighting
  3173 | D:3      | Reached skill level 5 in Dodging
  3383 | D:4      | Reached *** piety under Trog
  3449 | D:4      | Found Qaiqeik's One-of-a-Kind Rings.
  3508 | D:4      | Reached XP level 7. HP: 31/39 MP: 8/8
  3508 | D:4      | Gained a life (2 lives remaining)
  3692 | D:4      | Noticed kalagan's ghost (amateur DECj)
  3779 | D:4      | Found the +4 consecrated labrys {holy, Valiant ^Fragile Fly
                  | SInv}
  3867 | D:5      | Entered Level 5 of the Dungeon
  4408 | D:5      | Reached XP level 8. HP: 43/43 MP: 9/9
  4701 | D:5      | Found a staircase to the Ecumenical Temple.
  4710 | Temple   | Entered the Ecumenical Temple
  4722 | D:5      | Found Zuscheu's Assorted Antiques.
  5338 | D:6      | You fall into a shaft and drop 2 floors!
  5381 | D:8      | Reached skill level 1 in Stealth
  5417 | D:8      | Noticed Erica
  5424 | D:8      | Reached skill level 3 in Stealth
  5425 | D:8      | Slain by Erica
  5425 | D:8      | Lost a life (1 life remaining)
  5590 | D:8      | Noticed a cyclops
  5621 | D:8      | Reached skill level 4 in Stealth
  5633 | D:8      | Reached skill level 5 in Stealth
  5745 | D:7      | Reached skill level 6 in Stealth
  5770 | D:7      | Reached skill level 7 in Stealth
  5778 | D:7      | Reached **** piety under Trog
  5779 | D:7      | Reached skill level 8 in Stealth
  5894 | D:7      | Reached XP level 9. HP: 46/48 MP: 10/10
  5909 | D:7      | Reached skill level 9 in Stealth
  6505 | D:6      | Found a shimmering altar of Xom.
  6723 | D:6      | Found a hide-covered altar of Uskayaw.
  6798 | D:6      | Noticed Sigmund
  6806 | D:6      | Killed Sigmund
  7138 | D:7      | HP: 2/76 [burnt (6)]
  7139 | D:7      | Incinerated by a bombardier beetle
  7139 | D:7      | Lost a life (0 lives remaining)
  7249 | D:7      | Found Hysh's Antique Armour Boutique.
  7309 | D:6      | Demolished by an orc warrior

Illustrated notes

Levels and vault maps discovered:
D:1:      sevenhm_arrival_forest_fort_small_3, layout_basic
D:2:      layout_basic, hangedman_decor_clover_reticule
D:3:      layout_basic
D:4:      layout_cave_pools, ebering_ghost_reflecting_pool, minivault_26,
          nicolae_shop_unique_rings
D:5:      minmay_general_purpose_star, layout_rooms,
          minmay_temple_entry_statues_pillars, serial_shops, nicolae_square_shop
D:6:      layout_cave_pools, dk_xom_monty_hall, mainiacjoe_overflow_alcove_1,
          hex_medium, uniq_sigmund
D:7:      layout_rooms, grunt_dithmenos_smoke_and_mirrors, serial_shops,
          nicolae_shop_overgrown_old_shop, shop, nicolae_shop_crystal,
          minmay_increasing_density
D:8:      layout_basic, dk_yredelemnul_ordeal, billiards_dpeg, uniq_jeremiah,
          uniq_erica
Temple:   nicolae_temple_two_arcs

Skill      XL: |  1  2  3  4  5  6  7  8  9 |
---------------+----------------------------+-----
Unarmed Combat | 4 5 6 7 8 |  8.4
Fighting       | 4 5 6 8 |  8.0
Dodging        | 6 7 8 |  8.0
Stealth        | 8 9 |  9.0

Action                     |  1- 3 |  4- 6 |  7- 9 || total
---------------------------+-------+-------+-------++-------
  Melee: Unarmed           |    74 |   126 |   305 ||   505
         Bite              |     5 |    10 |    30 ||    45
         Punch             |     1 |     4 |    14 ||    19
 Invoke: Berserk           |       |     2 |     5 ||     7
         Trog's Hand       |       |       |     2 ||     2
  Evoke: Wand              |       |       |     6 ||     6
    Use: Scroll            |       |     4 |    15 ||    19
         Potion            |       |       |     3 ||     3
   Stab: Sleeping          |     4 |     1 |     6 ||    11
         Distracted        |       |       |     1 ||     1
 Armour: Skin              |    17 |    50 |    97 ||   164
  Dodge: Dodged            |    54 |   114 |   264 ||   432
